Map: Ruins of Seras

Players

Duaniac

  • Race: Protoss Protoss

Alejandro - Winner!

  • Race: Protoss Protoss

VOD

Have the link to the VOD?

Description

Time

  • Played on: Dec. 26, 2015, 12:23 p.m.
  • Length: 6:14
Show
View Real Time Build Order
Export as new Build Order

Duaniac Protoss 

Build Orders:  

Get SALT Encoding   

  12  0:01  Probe (Chrono Boost)  
  13  0:16  Pylon  
  13  0:22  Probe (Chrono Boost)  
  13  0:27  Assimilator  
  14  0:40  Gateway  
  14  0:44  Probe (Chrono Boost)  
  15  0:54  Probe (Chrono Boost)  
  16  1:02  Forge  
  16  1:13  Probe (Chrono Boost)  
  17  1:29  Cybernetics Core  
  17  1:44  Zealot  
  19  1:50  Gateway  
  19  1:57  Pylon  
  19  1:59  Probe (Chrono Boost)  
  20  2:09  Warp Gate (Chrono Boost)  
  20  2:13  Probe  
  21  2:15  Zealot  
  23  2:25  Probe  
  24  2:32  Assimilator  
  24  2:37  Probe  
  24  2:42  Stalker (Chrono Boost)  
  29  2:47  Sentry (Chrono Boost)  
  29  2:55  Twilight Council  
  29  3:06  Probe, Pylon  
  30  3:32  Nexus  
  30  3:44  Protoss Ground Weapons Level 1 (Chrono Boost)  
  30  4:04  Gateway  
  30  4:05  Gateway, Probe  
  31  4:26  Pylon, Charge (Chrono Boost)  
  31  4:39  Templar Archives  
  31  5:04  Pylon  
  31  5:06  Probe x2 (Chrono Boost)  
  33  5:11  Pylon  
  33  5:16  Assimilator  
  33  5:20  High Templar  
  33  5:21  Assimilator  
  35  5:33  Probe x2 (Chrono Boost), Phoenix  
  37  5:46  Zealot x3  
Show
View Real Time Build Order
Export as new Build Order

Alejandro Protoss - Winner!

Build Orders:  

Get SALT Encoding   

  12  0:02  Probe (Chrono Boost)  
  13  0:12  Probe (Chrono Boost)  
  14  0:20  Pylon  
  14  0:23  Probe (Chrono Boost)  
  15  0:38  Probe (Chrono Boost)  
  15  0:40  Pylon  
  16  0:50  Gateway  
  16  0:55  Probe (Chrono Boost)  
  17  1:05  Assimilator  
  17  1:06  Probe (Chrono Boost)  
  18  1:12  Assimilator  
  18  1:16  Probe (Chrono Boost)  
  19  1:24  Forge  
  19  1:29  Probe (Chrono Boost)  
  19  1:40  Probe (Chrono Boost)  
  20  1:50  Probe (Chrono Boost)  
  21  1:58  Cybernetics Core  
  21  2:06  Pylon  
  21  2:09  Photon Cannon  
  21  2:38  Stargate  
  21  2:42  Stargate  
  21  2:49  Probe (Chrono Boost)  
  22  2:59  Probe (Chrono Boost)  
  23  3:21  Photon Cannon  
  23  3:35  Void Ray (Chrono Boost)  
  23  3:40  Void Ray (Chrono Boost)  
  31  3:56  Nexus  
  31  4:06  Protoss Air Weapons Level 1 (Chrono Boost)  
  31  4:25  Pylon  
  31  4:35  Assimilator  
  31  4:40  Assimilator  
  31  4:43  Pylon, Void Ray  
  35  4:59  Void Ray  
  39  5:06  Probe  
  40  5:17  Probe  
  41  5:25  Void Ray  
  41  5:27  Probe  
Tags
 
Add a new tag
Caveats
  • Supply blocks, unpowered buildings, or Contaminate may cause inaccurate times.
  • Supply counts are checked every 10 seconds.